 Dungeon Crawl Stone Soup version 0.20.1-1-g8b1a95d (webtiles) character file.

60 RKaid the Stinger (level 4, -4/30 HPs)
             Began as a Formicid Venom Mage on Aug 2, 2017.
             Killed from afar by Ijyb (14 damage)
             ... with a wand of acid (?/15)
             ... on level 3 of the Dungeon.
             The game lasted 00:06:16 (2938 turns).

RKaid the Stinger (Formicid Venom Mage)             Turns: 2938, Time: 00:06:17

Health: -4/30      AC: -2    Str: 13    XL:     4   Next: 24%
Magic:  8/8        EV: 12    Int: 15    God:
Gold:   65         SH:  0    Dex: 11    Spells: 3/9 levels left

rFire    . . .     SeeInvis +   r - +0 whip
rCold    . . .     Gourm    .   (no shield)
rNeg     . . .     Faith    .   a - +0 robe
rPois    .         Spirit   .   (helmet unavailable)
rElec    .         Reflect  .   (no cloak)
rCorr    .         Harm     .   (no gloves)
MR       .....                  (no boots)
Stlth    ++........             (no amulet)
Regen    0.1/turn               n - ring of flight {+Fly}
MPRegen  0.2/turn               (no ring)

@: corroded
A: permanent stasis, dig shafts and tunnels, four strong arms, antennae 3
a: Dig, Shaft Self, Evoke Flight


You were on level 3 of the Dungeon.
You were not hungry.

You visited 1 branch of the dungeon, and saw 3 of its levels.

You collected 65 gold pieces.

Inventory:

Hand Weapons
 e - a +0 mace
   (You found it on level 1 of the Dungeon)
 r - a +0 whip (weapon)
   (You took it off a goblin on level 1 of the Dungeon)
Missiles
 h - 43 stones (quivered)
 p - 23 sling bullets
Armour
 a - a +0 robe (worn)
Jewellery
 n - a ring of flight (left hand) {+Fly}
   (You took it off a kobold on level 1 of the Dungeon)
Scrolls
 d - a scroll of noise {unknown}
 f - a scroll of teleportation {unknown}
 g - a scroll of enchant weapon {unknown}
 k - a scroll of amnesia {unknown}
 o - 4 scrolls of remove curse
Potions
 i - a potion of curing {unknown}
 l - a potion of agility {unknown}
Books
 b - a Young Poisoner's Handbook
Comestibles
 c - 3 bread rations
 j - a chunk of flesh


   Skills:
 * Level 0.2 Maces & Flails
 - Level 1.7 Dodging
 - Level 2.4 Stealth
 + Level 3.0 Spellcasting
 - Level 2.0 Conjurations
 + Level 4.8 Poison Magic


You had 3 spell levels left.
You knew the following spells:

 Your Spells              Type           Power        Failure   Level  Hunger
a - Sting                 Conj/Pois      ##..         4%          1    #......
b - Poisonous Vapours     Pois/Air       #.....       11%         2    ##.....
c - Mephitic Cloud        Conj/Pois/Air  #.......     24%         3    ###....


Dungeon Overview and Level Annotations

Branches:
Dungeon (3/15)

Altars:

Annotations:
D:2 exclusion: door
D:3 Grinder, Ijyb


Innate Abilities, Weirdness & Mutations

You cannot be hasted, slowed, berserked, paralysed or teleported.
You can dig through walls and to a lower floor.
Your four strong arms can wield two-handed weapons with a shield.
You have a pair of large antennae on your head. (SInv)


Message History

Aim: a frilled lizard You miscast Sting.
You are very lightly contaminated with residual magic.
Your vision is briefly tinged with green.
The frilled lizard bites you.
You extend your mandibles.
You dig through the rock wall.
The frilled lizard hisses angrily.
The frilled lizard moves out of view.
You dig through the rock wall.
You retract your mandibles.
You hit the frilled lizard.
You kill the frilled lizard!
You closely miss the orc. The orc hits you with a short sword.
Casting: Sting
Confirm with . or Enter, or press ? or * to list all spells.
Aiming: Sting
Press: ? - help, Shift-Dir - straight line, f - orc
Aim: an orc, wielding a short sword The sting misses the orc.
The orc misses you.
Casting: Sting
Confirm with . or Enter, or press ? or * to list all spells.
Aiming: Sting
Press: ? - help, Shift-Dir - straight line, f/p - orc
Aim: an orc, wielding a short sword The sting hits the orc.
The orc is poisoned.
The orc barely misses you.
Casting: Sting
Confirm with . or Enter, or press ? or * to list all spells.
Aiming: Sting
Press: ? - help, Shift-Dir - straight line, f/p - orc
Aim: an orc, wielding a short sword (severely wounded, poisoned)
The sting misses the orc.
The orc barely misses you.
You hit the orc.
You kill the orc!
You barely miss the frilled lizard. The frilled lizard barely misses you.
You miss the frilled lizard. The frilled lizard bites you.
Casting: Sting
Confirm with . or Enter, or press ? or * to list all spells.
Aiming: Sting
Press: ? - help, Shift-Dir - straight line, f - frilled lizard
Aim: a frilled lizard The sting hits the frilled lizard.
You kill the frilled lizard!
You closely miss the hobgoblin. The hobgoblin closely misses you.
Casting: Sting
Confirm with . or Enter, or press ? or * to list all spells.
Aiming: Sting
Press: ? - help, Shift-Dir - straight line, f - hobgoblin
Aim: a hobgoblin, wielding a club The sting hits the hobgoblin.
The hobgoblin appears unharmed.
The hobgoblin barely misses you.
You closely miss the hobgoblin. The hobgoblin barely misses you.
Casting: Sting
Confirm with . or Enter, or press ? or * to list all spells.
Aiming: Sting
Press: ? - help, Shift-Dir - straight line, f/p - hobgoblin
Aim: a hobgoblin, wielding a club The sting hits the hobgoblin.
You kill the hobgoblin!
Items here: )) †† a club; a short sword; a frilled lizard corpse; an orc corpse
Items here: )) †† a club; a short sword; a frilled lizard corpse; an orc corpse You butcher the frilled lizard corpse.
Your magical contamination has completely faded away.
j - a chunk of flesh
Things that are here:
a club; a short sword; an orc corpse You butcher the orc corpse.
j - 2 chunks of flesh (gained 1)
Things that are here:
a club; a short sword You start resting.
You sense a monster nearby.
You start resting.
Eating one of 2 chunks of flesh.
You eat one of the 2 chunks of flesh.
This raw flesh tastes terrible.
You sense a monster nearby.
Marking area around Grinder as unsafe for travelling.
Grinder comes into view.
Grinder shouts!
A goblin comes into view. It is wielding a dagger.
Press: ? - help, v - describe, . - travel
Here: Grinder The floor.
You extend your mandibles.
You dig through the rock wall.
You dig through the rock wall.
You dig through the rock wall.
The goblin shouts!
Grinder blinks!
You retract your mandibles.
Things that are here:
a club; a short sword You now have 65 gold pieces (gained 8).
Ijyb shouts!
Ijyb zaps a wand.
The bolt of acid misses you.
It is a wand of acid (?/15).
Ijyb zaps a wand.
The bolt of acid hits you! The acid corrodes you!
You are splashed with acid!
The acid burns!
Ijyb zaps a wand.
The bolt of acid hits you!
You die...

. ..# #.#
...########..##
...............
.J#........#$....
........$.........
...........<.......
#............>......
............@.......
...o.........#..##.#
#....o..........# .#
#..[............#(.#
................#.#
..........gg......###
....#..#............
(...?....5###.....##.
.....................


You could see Grinder, Ijyb, an orc (wandering) and a goblin.

Vanquished Creatures
  An adder (D:2)
  2 worms (D:2)
  A leopard gecko (D:2)
  An orc (D:3)
  10 bats
  3 goblins (D:1)
  6 hobgoblins
  3 jackals (D:2)
  7 frilled lizards
  4 kobolds
  4 rats
42 creatures vanquished.

Notes
Turn   | Place    | Note
-------+----------+-------------------------------------------
     0 | D:1      | RKaid the Formicid Venom Mage began the quest for the Orb.
     0 | D:1      | Reached XP level 1. HP: 13/13 MP: 3/3
    79 | D:1      | Reached skill level 1 in Conjurations
   545 | D:1      | Reached XP level 2. HP: 19/19 MP: 1/5
  1682 | D:2      | Reached XP level 3. HP: 14/24 MP: 0/7
  2205 | D:2      | Reached skill level 3 in Spellcasting
  2301 | D:2      | Reached skill level 2 in Conjurations
  2301 | D:2      | Reached XP level 4. HP: 27/30 MP: 1/8
  2774 | D:2      | Learned a level 2 spell: Poisonous Vapours
  2778 | D:2      | Learned a level 3 spell: Mephitic Cloud
  2792 | D:3      | Noticed Ijyb
  2911 | D:3      | Noticed Grinder
  2938 | D:3      | Killed from afar by Ijyb

Skill      XL: |  1  2  3 |
---------------+----------+-----
Conjurations   | 1 2 |  2.0
Spellcasting   | 3 |  3.0
Maces & Flails | |  0.2
Dodging        | |  1.7
Stealth        | |  2.4
Poison Magic   | |  4.8

Action                   |  1- 3 |  4- 6 || total
-------------------------+-------+-------++-------
Melee: Mace              |    12 |       ||    12
       Whip              |     8 |     7 ||    15
 Cast: Sting             |    79 |    17 ||    96
 Abil: Dig               |     2 |     2 ||     4
  Use: Scroll            |     2 |       ||     2
  Eat: Chunk             |     6 |     2 ||     8
Armor: Robe              |    16 |       ||    16
Dodge: Dodged            |    44 |    10 ||    54

Table legend:
 A = Turns spent in this place as a percentage of turns spent in the entire game.
 B = Non-inter-level travel turns spent in this place as a percentage of non-inter-level travel turns spent in the entire game.
 C = Inter-level travel turns spent in this place as a percentage of turns spent in this place.
 D = Turns resting spent in this place as a percentage of non-inter-level travel turns spent in this place.
 E = Turns spent auto-exploring this place as a percentage of non-inter-level travel turns spent in this place.
 F = Non-inter-level travel turns spent in this place divided by the number of levels of this place that you've seen.
                   A       B       C       D       E      F
               +-------+-------+-------+-------+-------+----------------------
         Total | 100.0 | 100.0 |   0.4 |   8.4 |   8.4 | 222.7
       Dungeon | 100.0 | 100.0 |   0.4 |   8.4 |   8.4 | 222.7
               +-------+-------+-------+-------+-------+----------------------

Table legend:
 A = Kills in this place as a percentage of kills in entire the game.
 B = Kills by you in this place as a percentage of kills by you in the entire game.
 C = Kills by friends in this place as a percentage of kills by friends in the entire game.
 D = Other kills in this place as a percentage of other kills in the entire game.
 E = Experience gained in this place as a percentage of experience gained in the entire game.
 F = Experience gained in this place divided by the number of levels of this place that you have seen.
                   A       B       C       D       E      F
               +-------+-------+-------+-------+-------+----------------------
         Total | 100.0 | 100.0 |  -nan |  -nan | 100.0 |  28.7
       Dungeon | 100.0 | 100.0 |  -nan |  -nan | 100.0 |  28.7
               +-------+-------+-------+-------+-------+----------------------
